 Dungeon Crawl Stone Soup version 0.31-a0-986-g5e6e4ef867 (webtiles) character file.

Game seed: 8146079033415477253

804 dialectric the Cudgeller (level 7, -2/81 HPs)
             Began as a Demonspawn Berserker on Nov 12, 2023.
             Was a Believer of Trog.
             Succumbed to an orc wizard's poison
             ... on level 5 of the Dungeon.
             The game lasted 00:04:18 (2976 turns).

dialectric the Cudgeller (Demonspawn Berserker)     Turns: 2976, Time: 00:04:19

Health: -2/81      AC: 23    Str: 20    XL:     7   Next: 60%
Magic:  7/7        EV:  2    Int:  8    God:    Trog [**....]
Gold:   171        SH:  0    Dex: 12    Spells: 6/6 levels left

rFire   . . .        w - +0 mace (protect)
rCold   + . .        (no shield)
rNeg    . . .        m - melded +0 chain mail
rPois   +            (helmet currently unavailable)
rElec   .            b - melded +0 cloak
rCorr   .            t - melded +0 pair of gloves
SInv    .            (boots currently unavailable)
Will    +....        (no amulet) Stlth
                     d - ring of protection from cold
HPRegen 0.33/turn    j - ring of willpower
MPRegen 0.10/turn

%: no passive effects
@: mighty, agile, lethally poisoned (-2 -> -18), tree-form, silenced, on berserk
cooldown, slowed, very slow
A: stationary, stasis, torment immunity, boosted hp, (hooves 2), powered by pain
2, (spiny 1), (sanguine armour 1)
a: Renounce Religion


You were on level 5 of the Dungeon.
You worshipped Trog.
Trog was pleased with you.
You were a tree.
You visited 1 branch of the dungeon, and saw 5 of its levels.

You collected 171 gold pieces.

Inventory:

Hand Weapons
 a - a +0 mace
 w - a +0 mace of protection (weapon)
Armour
 b - a +0 cloak (melded)
 c - a +0 pair of gloves
 m - a +0 chain mail (melded)
 t - a +0 pair of gloves (melded)
Jewellery
 d - a ring of protection from cold (left branch)
 j - a ring of willpower (right branch)
 l - a ring of positive energy
 s - a ring of protection from cold
Wands
 u - a wand of flame (17)
Scrolls
 g - a scroll of immolation {unknown}
 h - a scroll of fog {unknown}
 k - a scroll of enchant armour {unknown}
 n - a scroll of vulnerability {unknown}
 o - a scroll of identify
Potions
 e - 2 potions of lignification
 f - a potion of curing
 i - 3 potions of heal wounds {unknown}
 p - a potion of enlightenment
 q - a potion of mutation {unknown}
 r - a potion of attraction {unknown}


   Skills:
 - Level 4.3 Fighting
 + Level 6.1 Maces & Flails
 * Level 4.6 Armour
 - Level 2.5 Dodging


You had 6 spell levels left.
You didn't know any spells.
Your spell library was empty.

Dungeon Overview and Level Annotations

Branches:
Dungeon (5/15)
 Temple: D:4-7

Altars:
Ashenzari
Cheibriados
Nemelex Xobeh
Okawaru
Sif Muna
Trog
Xom


Innate Abilities, Weirdness & Mutations

You are a tree.
Your roots penetrate the ground, keeping you stationary.
You cannot be teleported.
You are immune to unholy pain and torment.
Your maximum health is greatly increased.
Your equipment is partially melded.
((You have hoof-like feet.))
You sometimes gain power by taking damage.
((You are partially covered in sharp spines.))
((When seriously injured, your blood forms armour. (AC +0)))


Message History

You cannot move.
You cannot move.
Unknown command.
Aiming: Throw Flame
Press: ? - help, Shift-Dir - straight line, f - orc
Aim: an orc, wielding a +0 trident, wearing a +0 scale mail and quivering boomerangs (silenced, 72% to hit)
The puff of flame hits the orc.
The orc is heavily wounded.
The orc hits you but does no damage. Something hits you but does no damage.
The orc throws a boomerang.
The boomerang hits you but does no damage.
Unknown command.
Aiming: Throw Flame
Press: ? - help, Shift-Dir - straight line, f/p - orc
Aim: an orc, wielding a +0 trident, wearing a +0 scale mail and quivering boomerangs (silenced, heavily wounded, 72% to hit)
The puff of flame hits the orc.
The orc is severely wounded.
Something hits you but does no damage. The orc hits you but does no damage.
Something hits you but does no damage.
You are poisoned.
Unknown command.
Unknown command.
Aiming: Throw Flame
Press: ? - help, Shift-Dir - straight line, f/p - orc
Aim: an orc, wielding a +0 trident, wearing a +0 scale mail and quivering boomerangs (silenced, severely wounded, 72% to hit)
The puff of flame hits the orc.
You kill the orc!
Trog accepts your kill.
You feel very sick. Something hits you but does no damage.
You are lethally poisoned!
The gnoll hits you from afar with a +0 halberd!
* * * LOW HITPOINT WARNING * * *
Unknown command.
Aiming: Throw Flame
Press: ? - help, Shift-Dir - straight line, f - gnoll
Aim: a gnoll, wielding a +0 halberd (silenced, 72% to hit)
The puff of flame hits the gnoll.
The gnoll is heavily wounded.
You die...

. #..†.### ##.# .. ####
###....# #.# ... ..#
##.#.# #.# .... #.#
#.#.# #.# ..... ##.##
##.#.# #.# ......##...##
##....# #[
'#.og....###.....##
..'_'.)#.{..............
..#'#og##♣#####.....###.
....J# #.# ##....# .
.... ..# ##.#... ##...
.... ..##### ... ...##
.# #######. .# #. #.


You could see a gnoll and an orc.

Vanquished Creatures
  Sigmund (D:2)
  2 gnoll sergeants
  A scorpion (D:4)
  3 crimson imps (D:4)
  2 orc priests (D:5)
  3 hounds
  A sleepcap (D:5)
  7 gnolls
  3 adders
  2 ufetubi (D:5)
  A worm (D:2)
  2 dart slugs
  9 orcs
  7 ball pythons
  2 bats
  2 endoplasms
  3 giant cockroaches
  4 goblins
  7 hobgoblins
  4 quokkas
  8 kobolds
  4 rats
78 creatures vanquished.

Notes
Turn   | Place    | Note
-------+----------+-------------------------------------------
     0 | D:1      | dialectric the Demonspawn Berserker began the quest for the
                  | Orb.
     0 | D:1      | Reached XP level 1. HP: 18/18 MP: 1/1
   107 | D:1      | Found a faded altar of an unknown god.
   175 | D:1      | Gained mutation: When seriously injured, your blood forms
                  | armour. (AC +0) [demonic ancestry]
   175 | D:1      | Reached XP level 2. HP: 20/24 MP: 2/2
   178 | D:1      | Reached skill level 3 in Maces & Flails
   726 | D:2      | Noticed Sigmund
   735 | D:2      | Killed Sigmund
   736 | D:2      | Reached skill level 4 in Maces & Flails
   736 | D:2      | Gained mutation: You have large cloven feet. [demonic
                  | ancestry]
   736 | D:2      | Reached XP level 3. HP: 30/30 MP: 3/3
   736 | D:2      | Gained mutation: You have hoof-like feet. [demonic
                  | ancestry]
   736 | D:2      | Reached XP level 4. HP: 36/37 MP: 4/4
   736 | D:2      | Gained mutation: You are partially covered in sharp spines.
                  | [demonic ancestry]
   736 | D:2      | Reached XP level 5. HP: 42/42 MP: 5/5
   780 | D:2      | Reached ** piety under Trog
  1328 | D:3      | Found a snail-covered altar of Cheibriados.
  1554 | D:3      | Found a bloodstained altar of Trog.
  1964 | D:3      | Found a shimmering blue altar of Sif Muna.
  1966 | D:3      | Found a broken altar of Ashenzari.
  1973 | D:3      | Found an iron altar of Okawaru.
  1976 | D:3      | You fall into a shaft and drop 2 floors!
  1976 | D:5      | Entered Level 5 of the Dungeon
  2005 | D:5      | Gained mutation: You sometimes gain a little power by
                  | taking damage. [demonic ancestry]
  2005 | D:5      | Reached XP level 6. HP: 45/48 MP: 6/6
  2025 | D:5      | Found a sparkling altar of Nemelex Xobeh.
  2117 | D:4      | Reached skill level 5 in Maces & Flails
  2196 | D:4      | Found a shimmering altar of Xom.
  2575 | D:4      | Gained mutation: You sometimes gain power by taking damage.
                  | [demonic ancestry]
  2575 | D:4      | Reached XP level 7. HP: 54/54 MP: 7/7
  2959 | D:5      | Reached skill level 6 in Maces & Flails
  2975 | D:5      | HP: 3/81 [gnoll/+0 halberd[a gnoll sergeant] (10)]
  2976 | D:5      | Succumbed to an orc wizard's poison

Illustrated notes

Levels and vault maps discovered:
D:1:      dpeg_arrival_signposts, layout_basic,
          chequers_ecumenical_altar_simple_redux
D:2:      layout_loops_ring, minivault_25, uniq_sigmund
D:3:      layout_loops_ring, bloody_trog, cheibriados_altar_1,
          minmay_overflow_temple_star_quad
D:4:      layout_basic, kennysheep_little_box, led_xom_imps,
          gammafunk_ghost_arena
D:5:      layout_loops_ring, nemelex_spade_bored_becter, kennysheep_mini_moat,
          nicolae_overflow_hidden_temple, serial_shops, shop,
          kennysheep_cluttered_room

Skill      XL: |  1  2  3  4  5  6  7 |
---------------+----------------------+-----
Maces & Flails | 4 5 6 |  6.1
Fighting       | 4 |  4.3
Armour         | 2 3 4 |  4.6
Dodging        | 2 |  2.5

Action                     |  1- 3 |  4- 6 |  7- 9 || total
---------------------------+-------+-------+-------++-------
  Melee: Mace              |    60 |    77 |    47 ||   184
         Kick              |       |    17 |     6 ||    23
         Punch             |       |     1 |     1 ||     2
 Invoke: Berserk           |     1 |     2 |     2 ||     5
  Evoke: Wand              |       |       |     4 ||     4
    Use: Scroll            |       |     1 |     1 ||     2
         Potion            |       |       |     2 ||     2
   Stab: Sleeping          |     1 |       |       ||     1
 Armour: Animal skin       |    28 |     7 |       ||    35
         Chain mail        |       |    75 |    76 ||   151
         Skin              |       |       |    14 ||    14
  Dodge: Dodged            |    45 |    44 |    40 ||   129

Table legend: (Time is in decaauts)
 A = Elapsed time spent in this place.
 B = Non-inter-level travel time spent in this place.
 C = Inter-level travel time spent in this place.
 D = Time resting spent in this place.
 E = Time spent auto-exploring this place.
 F = Levels seen in this place.
 G = Mean time per level.
                   A        B        C        D        E       F      G
               +--------+--------+--------+--------+--------+-----+--------+
         Total |   3030 |   2968 |     62 |      0 |   2246 |   5 |  606.0 |
       Dungeon |   3030 |   2968 |     62 |      0 |   2246 |   5 |  606.0 |
               +--------+--------+--------+--------+--------+-----+--------+

Top non-repeatable levels by time:
     D:3: 759 daAuts
     D:2: 698 daAuts
     D:1: 653 daAuts
     D:5: 532 daAuts
     D:4: 387 daAuts
